 Dungeon Crawl Stone Soup version 0.26-a0-818-g75db068ed4 (webtiles) character file.

Game seed: 4091249100921782249

459 iamoutofideas the Ruffian (level 6, 0/55 HPs)
             Began as a Troll Hunter on Nov 14, 2020.
             Shot with an arrow by a centaur (5 damage)
             ... on level 4 of the Dungeon.
             The game lasted 00:05:42 (2572 turns).

iamoutofideas the Ruffian (Troll Hunter)            Turns: 2572, Time: 00:05:42

Health: 0/55       AC:  6    Str: 23    XL:     6   Next: 78%
Magic:  5/5        EV: 10    Int:  7    God:
Gold:   196        SH:  0    Dex: 16    Spells: 5/5 levels left

rFire    + . .     SeeInvis .     - Unarmed
rCold    + . .     Faith    .   (no shield)
rNeg     . . .     Spirit   .   b - +0 robe
rPois    +         Reflect  .   (helmet restricted)
rElec    .         Harm     .   k - scarf {rC+ rF+}
rCorr    .         Rampage  .   (gloves unavailable)
MR       .....                  (boots unavailable)
Stlth    ++........             (no amulet)
HPRegen  0.58/turn              r - +6 ring of dexterity
MPRegen  0.09/turn              e - ring of poison resistance

@: no status effects
A: large, unfitting armour, claws 3, regeneration 1, shaggy fur 1, tough skin 3
a: no special abilities


You were on level 4 of the Dungeon.
You visited 1 branch of the dungeon, and saw 4 of its levels.

You collected 196 gold pieces.

Inventory:

Missiles
 c - 5 large rocks (quivered)
 d - 2 throwing nets
 f - 136 stones
Armour
 b - a +0 robe (worn)
 k - a scarf of resistance (worn)
Jewellery
 e - a ring of poison resistance (right claw)
 l - an uncursed ring of protection from cold
 r - a +6 ring of dexterity (left claw)
Scrolls
 a - a scroll of fear {unknown}
 g - 2 scrolls of teleportation
 i - 2 scrolls of amnesia
 m - 2 scrolls of magic mapping {unknown}
 n - 3 scrolls of blinking {unknown}
 o - a scroll of fog
 p - 2 scrolls of remove curse {unknown}
 s - a scroll of enchant armour {unknown}
Potions
 h - 2 potions of might
 j - a potion of resistance
 q - a potion of flight
 t - a potion of lignification {unknown}
 u - a potion of heal wounds {unknown}


   Skills:
 - Level 1.5 Fighting
 - Level 3.6 Throwing
 - Level 1.5 Dodging
 - Level 0.3 Stealth
 + Level 7.0 Unarmed Combat


You had 5 spell levels left.
You didn't know any spells.
Your spell library was empty.

Dungeon Overview and Level Annotations

Branches:
Dungeon (4/15)
 Temple: D:4-7

Altars:
Kikubaaqudgha
Qazlal
Xom
Yredelemnul


Innate Abilities, Weirdness & Mutations

You are too large for most types of armour.
You have claws for hands.
Your natural rate of healing is unusually fast.
You are covered in fur. (AC +1)
You have extremely tough skin. (AC +3)


Message History

The centaur wields a +0 shortbow.
The centaur shoots an arrow.
The arrow hits you! The ogre hits you but does no damage.
The centaur shoots an arrow.
The arrow barely misses you.
You see here an arrow.
You mangle the ogre!!
The ogre is severely wounded.
The ogre barely misses you.
The centaur shoots an arrow.
The arrow hits you.
There are monsters nearby!
You scratch the ogre.
The ogre is almost dead.
The centaur shoots an arrow.
The arrow hits you.
You see here an arrow.
The ogre misses you.
The centaur shoots an arrow.
The arrow hits you.
The centaur shoots an arrow.
The arrow hits you!
You see here 2 arrows.
The ogre hits you with a +0 giant spiked club!!
* * * LOW HITPOINT WARNING * * *
The centaur shoots an arrow.
The arrow hits you.
You die...

...#.######....#.
...................
#...#....######....#. #.#.#
#............# #.#.#
#............# #.#.#
#............# ########.#.#
#............#
.........#.###............#
...........@..............#
.........cO##........)....#
.....(.....##...<.....†...#
.......((..##......)..##....
...........###........# ....
...........# ########## ....
...........# ....
...........# ###.
...........# .


You could see an ogre and a centaur.

Vanquished Creatures
  Duvessa (D:4)
  An orc warrior (D:2)
  Dowan (D:4)
  2 orc priests (D:2)
  2 orc wizards
  An adder (D:3)
  An ooze (D:3)
  A worm (D:2)
  A dart slug (D:2)
  A leopard gecko (D:4)
  15 orcs
  6 bats
  2 giant cockroaches
  4 goblins
  8 hobgoblins
  4 kobolds
  A quokka (D:3)
  10 rats
62 creatures vanquished.

Notes
Turn   | Place    | Note
-------+----------+-------------------------------------------
     0 | D:1      | iamoutofideas the Troll Hunter began the quest for the Orb.
     0 | D:1      | Reached XP level 1. HP: 19/19 MP: 0/0
    99 | D:1      | Reached skill level 1 in Unarmed Combat
   247 | D:1      | Reached XP level 2. HP: 27/27 MP: 1/1
   515 | D:2      | Reached skill level 2 in Unarmed Combat
   653 | D:2      | Found a faded altar of an unknown god.
   673 | D:2      | Found a shimmering altar of Xom.
   674 | D:2      | Found a stormy altar of Qazlal.
   674 | D:2      | Found an ancient bone altar of Kikubaaqudgha.
   675 | D:2      | Found a basalt altar of Yredelemnul.
  1011 | D:2      | Reached skill level 3 in Unarmed Combat
  1011 | D:2      | Reached XP level 3. HP: 11/33 MP: 2/2
  1013 | D:2      | HP: 1/33 [orc priest/divine providence (11)]
  1046 | D:2      | Reached XP level 4. HP: 7/41 MP: 3/3
  1282 | D:2      | Reached skill level 4 in Unarmed Combat
  1805 | D:3      | Reached XP level 5. HP: 44/48 MP: 4/4
  1885 | D:3      | Noticed an orc warrior
  1975 | D:2      | Killed an orc warrior
  1976 | D:2      | Reached skill level 5 in Unarmed Combat
  2068 | D:3      | Reached XP level 6. HP: 55/55 MP: 5/5
  2229 | D:3      | Reached skill level 6 in Unarmed Combat
  2447 | D:4      | Noticed Duvessa
  2449 | D:4      | Noticed Dowan
  2459 | D:4      | Killed Duvessa
  2467 | D:4      | Killed Dowan
  2506 | D:4      | Reached skill level 7 in Unarmed Combat
  2572 | D:4      | Shot with an arrow by a centaur

Illustrated notes

Levels and vault maps discovered:
D:1:      evilmike_arrival_plus, layout_basic
D:2:      cheibrodos_pilgrimage, layout_basic,
          chequers_temple_overflow_statue_of_worship,
          chequers_ecumenical_altar_twisty, minmay_unequal
D:3:      layout_loops_ring
D:4:      kennysheep_kobold_camp, layout_basic, minmay_temple_entry_sparse_star,
          uniq_ijyb, uniq_duvessa, uniq_edmund

Skill      XL: |  1  2  3  4  5  6 |
---------------+-------------------+-----
Unarmed Combat | 1 3 4 5 7 |  7.0
Fighting       | |  1.5
Throwing       | |  3.6
Dodging        | |  1.5
Stealth        | |  0.3

Action                   |  1- 3 |  4- 6 || total
-------------------------+-------+-------++-------
Melee: Unarmed           |    62 |   104 ||   166
       Short sword       |     2 |       ||     2
       Punch             |     1 |     3 ||     4
  Use: Potion            |     5 |     2 ||     7
       Scroll            |       |     4 ||     4
 Stab: Distracted        |       |     1 ||     1
Armor: Robe              |    38 |    35 ||    73
Dodge: Dodged            |    32 |    63 ||    95

Table legend: (Time is in decaauts)
 A = Elapsed time spent in this place.
 B = Non-inter-level travel time spent in this place.
 C = Inter-level travel time spent in this place.
 D = Time resting spent in this place.
 E = Time spent auto-exploring this place.
 F = Levels seen in this place.
 G = Mean time per level.
                   A        B        C        D        E       F      G
               +--------+--------+--------+--------+--------+-----+--------+
         Total |   2560 |   2480 |     80 |    223 |   1633 |   4 |  640.0 |
       Dungeon |   2560 |   2480 |     80 |    223 |   1633 |   4 |  640.0 |
               +--------+--------+--------+--------+--------+-----+--------+

Top non-repeatable levels by time:
     D:2: 1230 daAuts
     D:3: 698 daAuts
     D:1: 508 daAuts
     D:4: 123 daAuts
